Map: [ESL] Ghost River

Players

Lemon - Winner!

  • Race: Protoss Protoss
  • Spawn Location: 1:00

Oliveira

  • Race: Terran Terran
  • Spawn Location: 11:00

Event: ESL SC2 Masters 2024 Spring (Regional)

VOD

Have the link to the VOD?

Description

Time

  • Played on: April 14, 2024, 6:15 a.m.
  • Length: 11:26

All games in this series

Show
View Real Time Build Order
Export as new Build Order

Lemon Protoss - Winner!

Build Orders: 1 Gate Expand, Blink Stalkers 

Get SALT Encoding   

  12  0:00  Probe  
  13  0:12  Probe  
  14  0:17  Pylon  
  14  0:24  Probe (Chrono Boost)  
  16  0:36  Probe (Chrono Boost), Gateway  
  16  0:43  Probe (Chrono Boost)  
  16  0:45  Assimilator  
  17  0:51  Probe  
  18  1:03  Probe  
  19  1:15  Probe  
  20  1:24  Cybernetics Core  
  20  1:32  Nexus  
  20  1:34  Probe  
  21  1:41  Pylon  
  21  1:47  Probe  
  21  1:48  Assimilator  
  22  1:57  Adept (Chrono Boost)  
  22  1:59  Probe  
  22  2:00  Warp Gate  
  25  2:11  Probe  
  26  2:17  Adept (Chrono Boost)  
  28  2:23  Probe  
  28  2:27  Twilight Council  
  29  2:35  Probe  
  30  2:44  Gateway  
  30  2:46  Probe  
  30  2:47  Probe  
  32  2:52  Stalker  
  32  2:56  Blink (Chrono Boost)  
  34  2:58  Probe  
  34  2:59  Probe  
  36  3:10  Probe  
  36  3:11  Probe  
  38  3:22  Probe  
  38  3:24  Probe  
  38  3:25  Robotics Facility  
  40  3:27  Gateway  
  40  3:34  Pylon  
  40  3:35  Probe  
  40  3:36  Probe  
  42  3:42  Pylon  
  42  3:47  Probe  
  42  3:48  Probe  
  44  3:50  Stalker  
  44  3:53  Stalker  
  48  3:59  Assimilator, Probe  
  48  4:00  Probe  
  50  4:15  Stalker  
  47  4:18  Probe  
  48  4:24  Probe  
  48  4:26  Observer  
  50  4:32  Stalker  
  50  4:36  Probe  
  50  4:37  Pylon  
  50  4:38  Stalker, Shield Battery, Probe  
  56  4:48  Probe  
  56  4:49  Immortal (Chrono Boost)  
  62  4:56  Pylon  
  61  5:06  Nexus  
  59  5:12  Stalker x2  
  63  5:15  Probe x2  
  65  5:24  Observer  
  65  5:31  Probe x2  
  65  5:32  Stalker  
  65  5:35  Forge  
  69  5:37  Charge (Chrono Boost)  
  69  5:39  Observer  
  69  5:42  Gateway  
  69  5:43  Observer, Probe x2  
  69  5:44  Shield Battery  
  71  5:52  Observer  
  71  5:53  Pylon  
  71  5:54  Zealot, Sentry  
  71  5:55  Probe x2  
  77  5:58  Gateway  
  77  6:02  Gateway  
  77  6:04  Protoss Ground Weapons Level 1 (Chrono Boost)  
  77  6:07  Probe  
  77  6:10  Gateway  
  78  6:13  Observer  
  78  6:15  Probe, Gateway  
  78  6:18  Probe  
  80  6:20  Zealot  
  80  6:21  Sentry, Observer  
  80  6:22  Sentry  
  86  6:30  Immortal (Chrono Boost), Probe  
  87  6:35  Probe x2  
  87  6:38  Zealot  
  95  6:44  Zealot  
  95  6:45  Zealot x2  
  101  6:48  Observer  
  101  6:49  Pylon  
  101  6:53  Pylon  
  95  7:05  Zealot x5  
  95  7:06  Zealot  
  101  7:13  Zealot x2, Immortal (Chrono Boost)  
  105  7:17  Probe x2  
  105  7:18  Pylon  
  111  7:23  Pylon  
  111  7:27  Stalker x3  
  111  7:29  Observer  
  117  7:36  Pylon  
  115  7:42  Zealot x5  
  124  7:44  Probe  
  124  7:47  Pylon  
  125  7:53  Stalker  
  125  7:54  Stalker  
  125  7:58  Zealot  
  131  8:06  Zealot x4  
  135  8:16  Zealot x3  
  101  8:27  Stalker x2  
  101  8:32  Nexus  
  91  8:34  Zealot x3  
  95  8:41  Pylon  
  95  8:42  Observer  
  95  8:43  Robotics Bay  
  95  8:46  Observer (Chrono Boost)  
  95  8:48  Stalker x2  
  99  8:51  Observer, Stalker  
  99  8:55  Observer  
  102  8:56  Protoss Ground Weapons Level 2 (Chrono Boost)  
  102  8:57  Assimilator  
  102  9:01  Stalker  
  104  9:05  Zealot  
  104  9:06  Zealot  
  104  9:09  Stalker  
  110  9:14  Zealot x2  
  114  9:28  Zealot x5  
  114  9:35  Observer  
  114  9:36  Zealot x3  
  107  9:51  Disruptor (Chrono Boost)  
  97  9:54  Zealot x5  
  97  9:57  Probe x4  
  97  9:59  Zealot  
  115  10:00  Sentry  
  115  10:04  Stalker  
  119  10:15  Probe x4  
  119  10:16  Colossus (Chrono Boost)  
  129  10:26  Zealot x4  
  135  10:40  Zealot x4  
  129  10:51  Zealot x3  
  129  10:52  Zealot, Probe  
  136  10:58  Probe  
  136  10:59  Pylon, Probe x2  
  130  11:04  Stalker x3  
  130  11:07  Zealot  
  130  11:10  Probe x2  
  130  11:11  Probe  
  137  11:15  Zealot x2  
Show
View Real Time Build Order
Export as new Build Order

Oliveira Terran 

Build Orders: 1/1/1 

Get SALT Encoding   

  12  0:00  SCV  
  13  0:12  SCV  
  14  0:17  Supply Depot  
  14  0:24  SCV  
  15  0:38  SCV  
  15  0:40  Barracks  
  16  0:44  Refinery  
  16  0:50  SCV  
  16  0:53  Refinery  
  17  1:02  SCV  
  18  1:14  SCV  
  19  1:27  Orbital Command, Reaper  
  19  1:30  Supply Depot  
  20  1:41  Factory  
  20  1:53  SCV  
  21  2:00  Barracks Reactor  
  21  2:05  SCV  
  22  2:17  SCV, Command Center  
  23  2:29  Starport  
  23  2:30  SCV  
  23  2:33  Supply Depot  
  24  2:38  Widow Mine  
  24  2:42  SCV  
  27  2:44  Marine  
  27  2:46  Marine  
  29  2:54  SCV  
  30  3:00  Factory Tech Lab  
  30  3:02  Marine  
  30  3:04  Marine  
  32  3:06  SCV  
  32  3:08  Medivac  
  35  3:20  Marine  
  35  3:21  SCV, Marine  
  38  3:28  Siege Tank  
  38  3:29  Orbital Command  
  41  3:34  SCV  
  41  3:38  Marine  
  41  3:39  Marine  
  44  3:45  Supply Depot  
  44  3:46  SCV  
  45  3:54  Orbital Command  
  45  3:56  Marine  
  45  3:57  Marine  
  45  4:00  SCV, Siege Tank  
  51  4:15  Marine  
  51  4:20  Liberator  
  51  4:21  SCV  
  51  4:24  SCV  
  53  4:31  Marine  
  53  4:33  Marine  
  53  4:34  Barracks  
  53  4:35  Barracks  
  53  4:37  SCV  
  53  4:38  Supply Depot  
  56  4:39  SCV  
  56  4:42  Bunker  
  57  4:46  Siege Tank  
  57  4:50  SCV  
  57  4:51  SCV  
  62  4:58  Supply Depot  
  62  4:59  Marine x2  
  64  5:02  Engineering Bay  
  64  5:04  SCV  
  64  5:05  SCV  
  64  5:07  Starport Tech Lab  
  66  5:13  Refinery  
  66  5:16  SCV, Supply Depot  
  67  5:29  SCV, Factory Reactor  
  67  5:30  SCV  
  67  5:31  Terran Infantry Weapons Level 1  
  67  5:34  Starport Reactor, Refinery, Marine x3  
  67  5:35  Stimpack, Marine  
  73  5:39  Supply Depot  
  73  5:41  SCV  
  74  5:44  SCV  
  74  5:49  Combat Shield  
  75  5:50  Supply Depot  
  75  5:54  SCV, Marine x2  
  75  5:56  SCV  
  79  5:58  Marauder  
  79  6:00  Marauder  
  83  6:05  Supply Depot  
  83  6:06  SCV  
  83  6:08  SCV  
  83  6:11  Medivac  
  87  6:13  Widow Mine x2, Marine x2  
  93  6:18  Supply Depot  
  93  6:20  Marauder  
  93  6:22  Medivac  
  93  6:24  SCV x2  
  99  6:33  Marine  
  99  6:34  Marauder  
  99  6:35  Widow Mine x2  
  99  6:38  Marine  
  107  6:40  Supply Depot  
  107  6:47  Marine  
  106  6:50  Medivac  
  106  6:51  Marine  
  110  6:55  Marauder  
  110  6:59  Command Center  
  107  7:05  Marine  
  107  7:06  Widow Mine, Marauder  
  107  7:07  Widow Mine  
  112  7:09  Marine  
  112  7:11  Medivac  
  112  7:13  SCV, Supply Depot  
  112  7:14  Supply Depot  
  115  7:22  Marine  
  116  7:23  Liberator  
  116  7:27  Marauder  
  125  7:30  Widow Mine x2  
  125  7:32  Marine  
  125  7:35  Supply Depot  
  126  7:40  Marauder  
  126  7:41  Terran Infantry Armor Level 1, Supply Depot  
  126  7:43  Marine  
  126  7:48  Marine  
  126  7:50  Marine  
  128  7:53  SCV x2  
  128  7:55  Widow Mine  
  132  8:02  Marauder  
  134  8:07  Marauder, Marine  
  134  8:08  Marine  
  134  8:09  Widow Mine  
  108  8:23  Widow Mine, Marine  
  108  8:24  Marine  
  108  8:26  Marine  
  102  8:29  Marauder  
  102  8:33  Widow Mine  
  92  8:38  Orbital Command  
  92  8:41  Medivac x2, Barracks, Marauder  
  92  8:42  Marine  
  92  8:43  Barracks  
  92  8:45  Concussive Shells  
  92  8:47  SCV x2  
  99  8:50  Marine  
  99  8:51  Marauder  
  99  8:52  Widow Mine  
  104  8:59  Widow Mine  
  104  9:00  SCV  
  104  9:01  SCV  
  108  9:07  Armory, Engineering Bay  
  108  9:09  Marine  
  109  9:10  Orbital Command  
  109  9:12  Marauder  
  109  9:15  SCV  
  109  9:16  SCV  
  113  9:26  Marine  
  113  9:27  Marauder, Marine  
  109  9:33  Marauder  
  103  9:39  Barracks Tech Lab, Barracks Reactor  
  103  9:42  SCV  
  103  9:44  SCV, Marine  
  106  9:50  Marauder, Marine  
  106  9:52  Widow Mine x2  
  105  9:54  Marine  
  105  9:55  SCV  
  105  9:56  SCV x2  
  109  10:03  Marauder  
  111  10:08  Marine x2  
  111  10:09  Medivac  
  111  10:11  Medivac  
  111  10:12  Marauder  
  119  10:15  Marauder, Marine x2  
  121  10:24  Marine  
  121  10:25  Marine x2  
  121  10:33  Marauder, Marine x2  
  121  10:37  Marauder  
  121  10:42  Marine  
  119  10:43  Marine  
  119  10:46  Marine  
  97  10:50  Marine  
  97  10:55  Widow Mine x2, Marauder  
  97  10:57  Marine  
  97  10:58  Marauder  
  97  11:00  Marauder  
  97  11:01  Marine  
  97  11:04  Marine  
Tags
 
Add a new tag
Caveats
  • Supply blocks, unpowered buildings, or Contaminate may cause inaccurate times.
  • Supply counts are checked every 10 seconds.